 Dungeon Crawl Stone Soup version 0.30.1-3-gfc49f6343a (webtiles) character file.

Game seed: 1181441334597084081

3004 tizbic2 the Fighter (level 9, -13/86 HPs)
             Began as an Ogre Gladiator on July 25, 2023.
             Was a Believer of Hepliaklqana.
             Killed from afar by a rime drake (28 damage)
             ... with an icy flash freeze
             ... on level 8 of the Dungeon.
             The game lasted 00:29:17 (5470 turns).

tizbic2 the Fighter (Ogre Gladiator)                Turns: 5470, Time: 00:29:18

Health: -13/86     AC:  6    Str: 20    XL:     9   Next: 84%
Magic:  27/27      EV: 12    Int:  9    God:    Hepliaklqana [**....]
Gold:   205        SH:  0    Dex: 14    Spells: 8/8 levels left

rFire   . . .        d - +0 giant spiked club
rCold   . . .        (shield currently unavailable)
rNeg    . . .        g - +0 steam dragon scales
rPois   .            b - +0 hat
rElec   .            (no cloak)
rCorr   .            (gloves unavailable)
SInv    .            (boots unavailable)
Will    .....        r - amulet of regeneration
Stlth   +            v - ring of magical power
HPRegen 1.14/turn    y - ring of magical power
MPRegen 0.20/turn

%: no passive effects
@: mighty, studying Throwing
A: reduced essence, large, unfitting armour, tough skin 1
a: Renounce Religion, Recall Ancestor, Ancestor Identity


You were on level 8 of the Dungeon.
You worshipped Hepliaklqana.
Hepliaklqana was pleased with you.
You visited 1 branch of the dungeon, and saw 8 of its levels.

You collected 269 gold pieces.
You spent 64 gold pieces at shops.

Inventory:

Hand Weapons
 d - a +0 giant spiked club (weapon)
 i - a +1 dagger of draining
 l - a +0 long sword of draining
 w - a +0 arbalest
 G - a +3 hand axe
Missiles
 c - a throwing net
 h - 31 stones
 t - a large rock
 z - 6 poisoned darts
 F - 5 datura-tipped darts
Armour
 b - a +0 hat (worn)
 g - +0 steam dragon scales (worn)
Magical Staves
 D - a staff of fire
Jewellery
 r - an amulet of regeneration (around neck)
 v - a ring of magical power (left hand)
 y - a ring of magical power (right hand)
Scrolls
 f - 2 scrolls of teleportation
 j - a scroll of fog {unknown}
 k - a scroll of immolation
 m - 2 scrolls of vulnerability
 o - 3 scrolls of fear
 q - 2 scrolls of magic mapping {unknown}
 x - 3 scrolls of enchant armour {unknown}
Potions
 a - a potion of lignification
 n - a potion of mutation
 p - a potion of haste {unknown}
 s - a potion of curing
 u - 3 potions of heal wounds {unknown}
 A - 3 potions of attraction {unknown}
 C - a potion of flight {unknown}
 E - a potion of berserk rage


   Skills:
 + Level 8.1 Fighting
 - Level 2.1(3.6) Axes
 + Level 4.0(4.2) Maces & Flails
 * Level 5.2 Ranged Weapons
 + Level 6.2 Throwing
 + Level 5.9 Dodging
 - Level 4.1 Unarmed Combat


You had 8 spell levels left.
You didn't know any spells.
Your spell library contained the following spells:

 Spells                   Type           Power      Damage    Failure   Level
 Kiss of Death            Conj/Necr      0%         2d5       38%         1
 Lesser Beckoning         Tloc           0%         N/A       52%         2
 Confusing Touch          Hex            0%         N/A       77%         3
 Gell's Gravitas          Tloc           0%         N/A       77%         3
 Inner Flame              Hex/Fire       0%         N/A       77%         3
 Teleport Other           Tloc           0%         N/A       77%         3
 Dispel Undead            Necr           0%         3d6       99%         4
 Yara's Violent Unravell  Hex/Tmut       0%         3d3       100%        5
 Enfeeble                 Hex            0%         N/A       100%        7


Dungeon Overview and Level Annotations

Branches:
Dungeon (8/15)             Temple (0/1) D:4
   Lair: D:8-11

Altars:
Ashenzari
Elyvilon
Gozag
Hepliaklqana
Makhleb
Zin

Shops:
D:3 =   D:4 (   D:5 [****


Innate Abilities, Weirdness & Mutations

Your life essence is reduced to manifest your ancestor. (-10% HP)
You are too large for most types of armour.
You have tough skin. (AC +1)


Message History

You barely miss the wolf.
The wolf is heavily wounded.
The wolf closely misses you. The wolf bites you. The wolf closely misses you.
You closely miss the wolf.
The wolf is heavily wounded.
The wolf bites you. The wolf bites you!
* * * LOW HITPOINT WARNING * * *
It was a potion of might.
You feel very mighty all of a sudden. The wolf misses you. The wolf bites you!
* * * LOW HITPOINT WARNING * * *
You miss the wolf.
The wolf is heavily wounded.
The wolf barely misses you. The wolf bites you.
* * * LOW HITPOINT WARNING * * *
The wolf closely misses you.
You miss the wolf.
The wolf is heavily wounded.
The wolf bites you but does no damage. The wolf closely misses you.
You bludgeon the wolf!!
You kill the wolf!
The rime drake breathes ice at you. The icy flash freeze hits you.
* * * LOW HITPOINT WARNING * * *
You are encased in ice.
You bludgeon the rime drake!!
The rime drake is severely wounded.
The rime drake completely misses you. The rime drake barely misses you.
You hit the rime drake.
The rime drake is severely wounded.
The rime drake bites you but does no damage.
The rime drake bites you.
* * * LOW HITPOINT WARNING * * *
You barely miss the rime drake.
The rime drake is severely wounded.
The ice encasing you melts away.
The rime drake bites you but does no damage.
The rime drake breathes ice at you. The icy flash freeze hits you!!
You die...

..#[ #...# #...#
#...# . #..# ...
#..#######..#..
#....@k..))....
##..######.....
##.#####.........~
...
.......<.....#....
.
...####.##.#...#..
....#.......
##.#####.##... .#
## ... .. ..


You could see a rime drake (catching breath).

Vanquished Creatures
  A steam dragon (D:7)
  2 orc warriors
  4 ice beasts
  2 black bears (D:6)
  An ogre (D:4)
  4 wolves (D:8)
  3 centaurs
  A bullfrog (D:7)
  2 scorpions
  A howler monkey (D:6)
  3 hounds
  3 orc priests
  A gnoll bouda (D:5)
  A jelly (D:7)
  2 iguanas (D:4)
  A sleepcap (D:4)
  5 gnolls (D:5)
  7 adders
  A white imp (D:6)
  An ufetubus (D:6)
  2 worms (D:5)
  12 orcs
  8 ball pythons
  5 bats
  13 endoplasms
  3 giant cockroaches
  4 goblins
  4 hobgoblins
  6 kobolds
  5 quokkas
  4 frilled lizards
  3 rats
115 creatures vanquished.

Vanquished Creatures (collateral kills)
  A steam dragon (D:6)
  A water moccasin (D:7)
  A black bear (D:7)
  A centaur (D:7)
  A bullfrog (D:6)
  A scorpion (D:7)
  3 wights (D:7)
  2 hounds
  An iguana (D:6)
  A shadow imp (D:6)
13 creatures vanquished.

Vanquished Creatures (others)
  A knight (D:8)
  4 ancestors
5 creatures vanquished.

Grand Total: 133 creatures vanquished

Notes
Turn   | Place    | Note
-------+----------+-------------------------------------------
     0 | D:1      | tizbic2 the Ogre Gladiator began the quest for the Orb.
     0 | D:1      | Reached XP level 1. HP: 22/22 MP: 1/1
   123 | D:1      | Reached XP level 2. HP: 7/29 MP: 2/2
   236 | D:1      | Reached skill level 3 in Fighting
   633 | D:2      | Reached XP level 3. HP: 37/37 MP: 3/3
   827 | D:2      | Reached skill level 1 in Axes
  1009 | D:1      | Reached XP level 4. HP: 19/45 MP: 4/4
  2180 | D:3      | Reached XP level 5. HP: 30/54 MP: 5/5
  2334 | D:3      | Found a hazy altar of Hepliaklqana.
  2351 | D:3      | Became a worshipper of Hepliaklqana the Forgotten
  2372 | D:3      | Found a glowing silver altar of Zin.
  2538 | D:3      | Found Titokk's Jewellery Boutique.
  2741 | D:4      | Found a staircase to the Ecumenical Temple.
  2836 | D:4      | Found Qosoxtol's Weapon Shoppe.
  2838 | D:4      | Noticed an ogre
  2850 | D:4      | Killed an ogre
  2851 | D:4      | Reached skill level 4 in Fighting
  2851 | D:4      | Reached XP level 6. HP: 62/62 MP: 6/6
  2864 | D:4      | Bought a +0 arbalest for 45 gold pieces
  3067 | D:4      | Found a burning altar of Makhleb.
  3074 | D:4      | Found an opulent altar of Gozag.
  3079 | D:4      | Found a broken altar of Ashenzari.
  3124 | D:5      | Entered Level 5 of the Dungeon
  3132 | D:5      | Noticed an ice beast
  3143 | D:5      | Killed an ice beast
  3144 | D:5      | Reached skill level 1 in Ranged Weapons
  3149 | D:5      | Found Huithe's Assorted Antiques.
  3155 | D:5      | Reached XP level 7. HP: 69/71 MP: 7/7
  3155 | D:5      | Bought a scroll labelled UCKOUK PUGH for 19 gold pieces
  3261 | D:5      | Found Petwauv's Assorted Antiques.
  3274 | D:5      | Found Toqai's General Store.
  3276 | D:5      | Found Cuuhitwi's Assorted Antiques.
  3416 | D:5      | Found Fass's Antique Armour Boutique.
  3449 | D:5      | Reached skill level 5 in Fighting
  3897 | D:6      | Reached skill level 1 in Maces & Flails
  3957 | D:6      | Reached * piety under Hepliaklqana
  4008 | D:6      | Reached XP level 8. HP: 74/74 MP: 8/8
  4008 | D:6      | Found a white marble altar of Elyvilon.
  4021 | D:6      | Reached skill level 6 in Fighting
  4294 | D:6      | Reached skill level 5 in Dodging
  4530 | D:7      | Reached skill level 7 in Fighting
  4587 | D:7      | Reached XP level 9. HP: 66/83 MP: 9/9
  4893 | D:7      | Reached skill level 5 in Throwing
  4959 | D:7      | Reached ** piety under Hepliaklqana
  4960 | D:7      | Remembered your ancestor Agathoclea as a knight
  5438 | D:8      | Noticed a rime drake
  5442 | D:8      | Reached skill level 5 in Ranged Weapons
  5454 | D:8      | Reached skill level 8 in Fighting
  5470 | D:8      | Killed from afar by a rime drake

Illustrated notes

Levels and vault maps discovered:
D:1:      heliophobic_arrival_glass_houses, layout_rooms
D:2:      layout_basic
D:3:      layout_loops_ring, zin_treasury, mainiacjoe_overflow_alcove_1,
          serial_shops, nicolae_shop_real_fake_doors
D:4:      layout_rooms, minitemple, minmay_temple_entry_mini_moons,
          serial_shops, nicolae_shop_rolling_square
D:5:      layout_basic, serial_shops, shop, shop, nicolae_square_shop, shop,
          shop
D:6:      layout_cave_pools, mainiacjoe_overflow_catwalk, minmay_manual_mares
D:7:      layout_loops_ring
D:8:      minmay_blocky_corners, layout_rooms, lemuel_doored_altar,
          hellmonk_lair_entry_icy, grunt_ogre_cave, hex_intersection

Skill      XL: |  1  2  3  4  5  6  7  8  9 |
---------------+----------------------------+-----
Fighting       | 3 4 5 7 8 |  8.1
Dodging        | 3 4 5 |  5.9
Unarmed Combat | 3 4 |  4.1
Axes           | 1 2 |  2.1
Throwing       | 3 4 6 |  6.2
Ranged Weapons | 1 2 4 5 |  5.2
Maces & Flails | 1 3 4 |  4.0

Action                     |  1- 3 |  4- 6 |  7- 9 || total
---------------------------+-------+-------+-------++-------
  Melee: Hand axe          |    62 |       |     5 ||    67
         Unarmed           |    10 |       |       ||    10
         Dagger            |    43 |    65 |     5 ||   113
         Punch             |     1 |     1 |       ||     2
         Long sword        |       |    51 |       ||    51
         Giant spiked club |       |    14 |    82 ||    96
   Fire: Sling             |       |     3 |       ||     3
         Arbalest          |       |    16 |   106 ||   122
  Throw: Throwing net      |     4 |       |       ||     4
         Stone             |     8 |       |       ||     8
         Large rock        |       |     1 |       ||     1
 Invoke: Recall Ancestor   |       |       |     1 ||     1
         Ancestor Life: Kn |       |       |     1 ||     1
    Use: Scroll            |     1 |     3 |     4 ||     8
         Potion            |       |       |     3 ||     3
   Stab: Held in net/web   |     1 |       |       ||     1
         Sleeping          |       |     1 |       ||     1
 Armour: Robe              |    46 |    45 |    26 ||   117
         Skin              |       |       |    57 ||    57
         Steam dragon scal |       |       |     8 ||     8
  Dodge: Dodged            |    87 |    94 |    95 ||   276
